 Dungeon Crawl Stone Soup version 0.23.1 (webtiles) character file.

Game seed: 8948847906112930549

142 Borgoz the Sneak (level 5, -3/39 (40) HPs)
             Began as a Ghoul Enchanter on Mar 14, 2019.
             Killed by divine providence
             ... invoked by an orc priest
              (11 damage)
             ... on level 3 of the Dungeon.
             The game lasted 00:04:14 (2029 turns).

Borgoz the Sneak (Ghoul Enchanter)                  Turns: 2029, Time: 00:04:14

HP:   -3/39 (40)    AC:  6    Str: 12    XL:     5   Next: 24%
MP:   4/7           EV: 11    Int: 10    God:
Gold: 136           SH:  0    Dex: 10    Spells: 2/8 levels left

rFire    . . .     SeeInvis .   a - +1 dagger
rCold    + . .     Gourm    .   (no shield)
rNeg     + + +     Faith    .   e - +0 ring mail
rPois    ∞         Spirit   .   (no helmet)
rElec    .         Reflect  .   (no cloak)
rCorr    .         Harm     .   i - +0 pair of gloves
MR       .....                  (no boots)
Stlth    ++........             (no amulet)
HPRegen  0.00/turn              (no ring)
MPRegen  0.10/turn              (no ring)

@: very slightly contaminated, rotting
A: rotting body, claws 1, carnivore, cold resistance 1, negative energy
resistance 3, inhibited regeneration, torment resistance, unbreathing
a: no special abilities


You were on level 3 of the Dungeon.
You were not hungry.

You visited 1 branch of the dungeon, and saw 3 of its levels.

You collected 136 gold pieces.

Inventory:

Hand Weapons
 a - a +1 dagger (weapon)
Missiles
 h - 8 tomahawks (quivered)
Armour
 e - a +0 ring mail (worn)
 i - a +0 pair of gloves (worn)
Scrolls
 g - 3 scrolls of identify
Comestibles
 d - 5 rations


   Skills:
 + Level 1.3 Fighting
 * Level 1.9 Short Blades
 * Level 1.6 Armour
 + Level 2.3 Dodging
 + Level 3.7 Stealth
 + Level 2.1 Spellcasting
 * Level 3.0 Hexes


You had 2 spell levels left.
You knew the following spells:

 Your Spells              Type           Power        Failure   Level  Hunger
a - Corona                Hex            #......      19%         1    ##.....
b - Ensorcelled Hibernat  Hex/Ice        #.....       50%         2    ###....
c - Confuse               Hex            #.......     50%         3    ####...

Your spell library contained the following spells:

 Spells                   Type           Power        Failure   Level  Hunger
 Tukima's Dance           Hex            #.......     50%         3    ####...
 Dazzling Spray           Conj/Hex       #.....       73%         3    ####...


Dungeon Overview and Level Annotations

Branches:
Dungeon (3/15)

Altars:
Elyvilon
Sif Muna
The Shining One


Innate Abilities, Weirdness & Mutations

Your body is rotting away.
You thrive on raw meat.
You are immune to poison.
You have sharp fingernails.
You are carnivorous and can eat meat at any time.
Your flesh is cold resistant. (rC+)
You are immune to negative energy. (rN+++)
You do not regenerate when monsters are visible.
You are immune to unholy pain and torment.
You can survive without breathing.


Message History

The orc hits you but does no damage.
You hit the orc.
You kill the orc!
You hit the orc but do no damage. The orc hits you.
* * * LOW HITPOINT WARNING * * *
You hit the orc but do no damage. The orc closely misses you.
You hit the orc.
The orc is moderately wounded.
The orc completely misses you.
You closely miss the orc.
The orc is moderately wounded.
The orc closely misses you.
You hit the orc.
The orc is heavily wounded.
The orc closely misses you.
You barely miss the orc.
The orc is heavily wounded.
The orc priest invokes the aid of Beogh against you.
Beogh smites you!
You die...

.##....o###...
.oo..#o#o##.#####.#
.##.##...o........#
.......#.##..#.##.#
........###..#.##.#
######.# #.g.....#
# .... #..#.##.# ##
.... #..#.##.#
.##.. #$.$oo@.#
..##. ####.#### ..
.... .. #.##.# .. #
#.# .. #.# .# #.#
## #. .#


You could see an orc priest and an orc.

Vanquished Creatures
  A worker ant (D:2)
  4 gnolls (D:2)
  An adder (D:2)
  An ooze (D:2)
  A worm (D:2)
  A leopard gecko (D:1)
  3 orcs (D:3)
  10 bats
  3 giant cockroaches
  6 goblins
  8 hobgoblins
  7 jackals
  A frilled lizard (D:1)
  3 kobolds
  10 rats
60 creatures vanquished.

Vanquished Creatures (others)
  A kobold (D:2)
1 creature vanquished.

Grand Total: 61 creatures vanquished

Notes
Turn   | Place    | Note
-------+----------+-------------------------------------------
     0 | D:1      | Borgoz the Ghoul Enchanter began the quest for the Orb.
     0 | D:1      | Reached XP level 1. HP: 14/14 MP: 2/2
    20 | D:1      | Reached skill level 1 in Short Blades
   141 | D:1      | Reached XP level 2. HP: 17/20 MP: 3/3
   838 | D:1      | Reached XP level 3. HP: 27/27 MP: 4/4
  1064 | D:2      | Found a white marble altar of Elyvilon.
  1094 | D:2      | Reached skill level 1 in Armour
  1129 | D:2      | Reached XP level 4. HP: 34/34 MP: 3/6
  1133 | D:2      | Reached skill level 1 in Fighting
  1159 | D:2      | Learned a level 2 spell: Ensorcelled Hibernation
  1163 | D:2      | Learned a level 3 spell: Confuse
  1283 | D:2      | Found a glowing golden altar of the Shining One.
  1477 | D:2      | Reached XP level 5. HP: 21/40 MP: 7/7
  1953 | D:3      | Found a deep blue altar of Sif Muna.
  2029 | D:3      | Killed from afar by an orc priest

Skill      XL: |  1  2  3  4 |
---------------+-------------+-----
Short Blades   | 1 |  1.9
Dodging        | 2 |  2.3
Armour         | 1 |  1.6
Spellcasting   | 2 |  2.1
Fighting       | 1 |  1.3
Hexes          | 3 |  3.0
Stealth        | |  3.7

Action                   |  1- 3 |  4- 6 || total
-------------------------+-------+-------++-------
Melee: Dagger            |   132 |   158 ||   290
 Cast: Corona            |     1 |     3 ||     4
       Ensorcelled Hiber |       |     2 ||     2
  Use: Potion            |     2 |     1 ||     3
       Scroll            |       |     3 ||     3
 Stab: Sleeping          |     2 |     4 ||     6
  Eat: Chunk             |     4 |    12 ||    16
Armor: Robe              |     4 |       ||     4
       Ring mail         |    53 |    47 ||   100
Dodge: Dodged            |    73 |    88 ||   161
